 Dungeon Crawl Stone Soup version 0.20-a0-941-gba1b1f9 (webtiles) character file.

735 Duffy the Conjurer (level 7, -1/55 HPs)
             Began as a Naga Fire Elementalist on Mar 31, 2017.
             Slain by a centaur (7 damage)
             ... on level 5 of the Dungeon.
             The game lasted 00:06:15 (5607 turns).

Duffy the Conjurer (Naga Fire Elementalist)         Turns: 5607, Time: 00:06:15

Health: -1/55      AC: 11    Str: 11    XL:     7   Next: 74%
Magic:  13/14      EV:  8    Int: 17    God:
Gold:   308        SH:  0    Dex: 11    Spells: 7/15 levels left

rFire    . . .     SeeInvis +   x - +3 dagger (venom)
rCold    . . .     Gourm    .   (no shield)
rNeg     . . .     Faith    .   a - +0 robe
rPois    +         Spirit   .   w - +0 helmet (curse)
rElec    .         Reflect  .   s - +1 cloak {MR+}
rCorr    .         Harm     .   v - +0 pair of gloves
MR       +....                  f - +0 naga barding
Stlth    +++.......             (no amulet)
Regen    0.2/turn               C - ring of stealth
MPRegen  0.2/turn               (no ring)

@: lethally poisoned (-1 -> -4), very slow
A: see invisible, deformed body, poison resistance, slowness 2, slow metabolism
1, spit poison 1, AC +2
a: Spit Poison


You were on level 5 of the Dungeon.
You were very hungry.

You visited 1 branch of the dungeon, and saw 5 of its levels.

You collected 308 gold pieces.

Inventory:

Hand Weapons
 e - a +0 dagger
 q - a +2 quarterstaff of chaos
 x - a +3 dagger of venom (weapon)
 F - a +0 short sword of venom
Missiles
 m - 5 curare-tipped needles
Armour
 a - a +0 robe (worn)
 f - a +0 naga barding (worn)
 s - a +1 cloak of magic resistance (worn)
 v - a +0 pair of gloves (worn)
 w - a cursed +0 helmet (worn)
Jewellery
 C - a ring of stealth (left hand)
Wands
 y - a wand of digging (6/24)
Scrolls
 g - 2 scrolls of teleportation
 h - a scroll of immolation {unknown}
 i - a scroll of recharging {unknown}
 j - a scroll of enchant armour {unknown}
 k - a scroll of random uselessness {unknown}
 p - 2 scrolls of blinking
 r - a scroll of fear {unknown}
 A - a scroll of magic mapping {unknown}
 D - a scroll of enchant weapon {unknown}
 G - a scroll of identify
 H - a scroll of fog {unknown}
Potions
 d - a potion of flight
 l - 2 potions of berserk rage
 o - a potion of might
 u - 3 potions of lignification
 B - 2 potions of curing
 E - 2 potions of heal wounds {unknown}
Books
 b - a book of Flames

   Spells                             Type                      Level
   a - Flame Tongue                   Conjuration/Fire             1
   b - Throw Flame                    Conjuration/Fire             2
   c - Conjure Flame                  Conjuration/Fire             3
   d - Inner Flame                    Hexes/Fire                   3
   e - Sticky Flame                   Conjuration/Fire             4
   f - Fireball                       Conjuration/Fire             5
 n - a book of Misfortune

   Spells                             Type                      Level
   a - Confusing Touch                Hexes                        1
   b - Confuse                        Hexes                        3
   c - Gell's Gravitas                Translocation                3
   d - Petrify                        Transmutation/Earth          4
   e - Metabolic Englaciation         Hexes/Ice                    5
   f - Yara's Violent Unravelling     Hexes/Transmutation          5
Comestibles
 c - 3 bread rations
 t - a royal jelly
 z - 2 meat rations


   Skills:
 - Level 1.5 Dodging
 - Level 3.0 Stealth
 + Level 4.6 Spellcasting
 * Level 5.3 Conjurations
 * Level 5.1 Fire Magic


You had 7 spell levels left.
You knew the following spells:

 Your Spells              Type           Power        Failure   Level  Hunger
h - Flame Tongue          Conj/Fire      ###..        1%          1    None
j - Sticky Flame          Conj/Fire      ###.....     21%         4    ####...
l - Conjure Flame         Conj/Fire      ###.....     8%          3    ###....


Dungeon Overview and Level Annotations

Branches:
Dungeon (5/15)
 Temple: D:4-7

Altars:
Ashenzari
Elyvilon
Fedhas
Gozag
Makhleb
Okawaru
Ru
Yredelemnul
Zin


Innate Abilities, Weirdness & Mutations

You cannot wear boots.
Your serpentine skin is tough. (AC +2)
You have supernaturally acute eyesight. (SInv)
Armour fits poorly on your strangely shaped body.
Your system is resistant to poisons. (rPois)
You cover ground very slowly.
You have a slow metabolism.
You can spit poison.


Message History

The centaur is lightly wounded.
You feel sick. The centaur barely misses you. The orc closely misses you.
The orc barely misses you. The centaur closely misses you.
Casting: Flame Tongue
Confirm with . or Enter, or press ? or * to list all spells.
You don't know that spell.
There are monsters nearby!
You completely miss the centaur.
The centaur is moderately wounded.
The orc hits you with a mace. The centaur barely misses you.
The orc hits you but does no damage.
You barely miss the centaur.
The centaur is moderately wounded.
You feel sick. The centaur barely misses you. The orc barely misses you.
The orc hits you but does no damage.
The centaur hits you but does no damage.
You hit the centaur.
The centaur looks as sick as possible!
The centaur is moderately wounded.
The centaur hits you!
You die...

#..# #.. . ..# #.#.# .
. ..# #.#.# .# ..
#####.# #.#.#..# ...
.....# .......#
....#####..######...#
#....../........#
#....%..#######.##
#...c@((# #.^##
#....oo..# #...#
#....PPP....###...#
#....PPPP####..#+###
#...P._PP.####.....###
#...PPP.P.##1#_..._#A#
#....PP...####.....###
<...####### #...+#####
###...###.


You could see a centaur and 2 orcs.

Vanquished Creatures
  Grinder (D:3)
  A bullfrog zombie (D:5)
  Crazy Yiuf (D:2)
  A bullfrog skeleton (D:4)
  An orc priest (D:4)
  Jessica (D:2)
  3 orc wizards
  3 worker ants
  Robin (D:2)
  11 adders
  2 oozes
  4 worms
  2 dart slugs
  5 leopard geckos
  13 orcs
  2 giant cockroaches
  15 goblins
  15 hobgoblins
  3 jackals (D:1)
  3 ball pythons
  4 bats
  A frilled lizard (D:1)
  7 kobolds
  7 rats
107 creatures vanquished.

Notes
Turn   | Place    | Note
-------+----------+-------------------------------------------
     0 | D:1      | Duffy the Naga Fire Elementalist began the quest for the Orb.
     0 | D:1      | Reached XP level 1. HP: 15/15 MP: 3/3
   171 | D:1      | Reached XP level 2. HP: 22/22 MP: 1/5
   837 | D:1      | Reached XP level 3. HP: 28/28 MP: 4/7
   842 | D:1      | Learned a level 3 spell: Conjure Flame
  1406 | D:2      | Noticed Jessica
  1414 | D:2      | Killed Jessica
  1414 | D:2      | Reached XP level 4. HP: 36/36 MP: 8/8
  2001 | D:2      | Found a runed door.
  2008 | D:2      | Learned a level 4 spell: Sticky Flame
  2010 | D:2      | Noticed Crazy Yiuf
  2020 | D:2      | Killed Crazy Yiuf
  2020 | D:2      | Reached XP level 5. HP: 42/42 MP: 0/10
  2183 | D:2      | Noticed Robin
  2215 | D:2      | Killed Robin
  3042 | D:3      | Noticed Grinder
  3157 | D:3      | Paralysed by Grinder for 6 turns
  3183 | D:3      | Paralysed by Grinder for 3 turns
  3194 | D:3      | Paralysed by Grinder for 7 turns
  3213 | D:3      | Killed Grinder
  3213 | D:3      | Reached XP level 6. HP: 28/49 MP: 3/12
  3588 | D:3      | Found a white marble altar of Elyvilon.
  3876 | D:3      | Found a basalt altar of Yredelemnul.
  3972 | D:3      | Found a shattered altar of Ashenzari.
  4336 | D:4      | Reached XP level 7. HP: 53/55 MP: 13/13
  4359 | D:4      | Found a sacrificial altar of Ru.
  4359 | D:4      | Found an opulent altar of Gozag.
  4664 | D:4      | Found an iron altar of Okawaru.
  4693 | D:4      | Reached skill level 5 in Conjurations
  5479 | D:5      | Entered Level 5 of the Dungeon
  5566 | D:5      | Noticed an Executioner
  5567 | D:5      | Found a burning altar of Makhleb.
  5570 | D:5      | Found a glowing silver altar of Zin.
  5570 | D:5      | Noticed an angel
  5586 | D:5      | Found a blossoming altar of Fedhas.
  5596 | D:5      | Reached skill level 5 in Fire Magic
  5607 | D:5      | Slain by a centaur

Vault maps used:
D:1:      dpeg_arrival_houses_and_road, minmay_tetromino_o2
D:2:      uniq_robin, uniq_jessica, uniq_crazy_yiuf_cottage
D:3:      kennysheep_ying_yang, nicolae_overflow_hidden_temple, first_bread,
          minivault_11, minmay_door_square, uniq_grinder
D:4:      minmay_door_path, minitemple, kennysheep_mini_moat, hex_intersection
D:5:      grunt_temple_overflow_order_and_chaos_2,
          chequers_temple_overflow_minitemple, fedhas_altar_3

Skill      XL: |  1  2  3  4  5  6  7 |
---------------+----------------------+-----
Conjurations   | 2 3 4 5 |  5.3
Spellcasting   | 3 4 |  4.6
Fire Magic     | 4 5 |  5.1
Dodging        | |  1.5
Stealth        | |  3.0

Action                   |  1- 3 |  4- 6 |  7- 9 || total
-------------------------+-------+-------+-------++-------
Melee: Quarterstaff      |       |    26 |     5 ||    31
       Dagger            |       |    67 |    91 ||   158
 Cast: Flame Tongue      |    40 |    54 |    19 ||   113
       Conjure Flame     |       |     1 |       ||     1
 Abil: Spit Poison       |    11 |     6 |       ||    17
  Use: Scroll            |     1 |     6 |       ||     7
       Potion            |       |     1 |       ||     1
 Stab: Sleeping          |       |     1 |     3 ||     4
       Confused          |       |     1 |       ||     1
  Eat: Chunk             |     2 |     8 |     2 ||    12
Armor: Robe              |     1 |    43 |    70 ||   114
       Skin              |       |    10 |       ||    10
Dodge: Dodged            |    10 |    53 |    55 ||   118
